 Dungeon Crawl Stone Soup version 0.22-a0-307-g2b15929 (webtiles) character file.

343 Amnesiac the Gusty (level 6, -1/41 HPs)
             Began as a Barachi Air Elementalist on Apr 1, 2018.
             Killed from afar by Dowan (12 damage)
             ... with a stone arrow
             ... on level 3 of the Dungeon.
             The game lasted 00:07:57 (3980 turns).

Amnesiac the Gusty (Barachi Air Elementalist)       Turns: 3980, Time: 00:07:57

Health: -1/41      AC:  3    Str:  9    XL:     6   Next: 57%
Magic:  4/10       EV: 12    Int: 18    God:
Gold:   176        SH:  0    Dex: 12    Spells: 2/11 levels left

rFire    . . .     SeeInvis .   m - +2 rapier (distort)
rCold    . . .     Gourm    .   (no shield)
rNeg     . . .     Faith    .   a - +0 robe
rPois    .         Spirit   .   (no helmet)
rElec    .         Reflect  .   (no cloak)
rCorr    .         Harm     .   r - +0 pair of gloves
MR       .....                  (no boots)
Stlth    ++........             (no amulet)
HPRegen  0.13/turn              k - ring of flight
MPRegen  0.12/turn              (no ring)

@: lethally poisoned (-1 -> -29), slow
A: +LOS, swims, slowness 1, strong legs 1
a: Hop, Evoke Flight


You were on level 3 of the Dungeon.
You were very hungry.

You visited 1 branch of the dungeon, and saw 4 of its levels.

You collected 176 gold pieces.

Inventory:

Hand Weapons
 m - a +2 rapier of distortion (weapon)
Armour
 a - a +0 robe (worn)
 r - a +0 pair of gloves (worn)
Jewellery
 k - a ring of flight (left hand)
Scrolls
 e - a scroll of teleportation {!r}
 f - a scroll of magic mapping {!r, unknown}
 i - a scroll of blinking {!r}
 l - 2 scrolls of remove curse {!r}
 o - 3 scrolls of fog {!r}
 q - a scroll of enchant weapon {!r, unknown}
Potions
 b - 2 potions of curing {!q, unknown}
 d - a potion of agility {!q, unknown}
 h - 2 potions of flight {!q, unknown}
 j - a potion of heal wounds {!q, unknown}
 n - a potion of brilliance {!q}
Comestibles
 c - 7 rations


   Skills:
 - Level 2.1 Dodging
 - Level 1.7 Stealth
 - Level 3.1 Spellcasting
 - Level 1.1 Conjurations
 + Level 7.4 Air Magic


You had 2 spell levels left.
You knew the following spells:

 Your Spells              Type           Power        Failure   Level  Hunger
a - Airstrike             Air            ####......   8%          4    ####...
b - Swiftness             Chrm/Air       ###.....     5%          2    ##.....
d - Shock                 Conj/Air       ###.         2%          1    None
v - Blink                 Tloc           N/A          24%         2    ##.....


Dungeon Overview and Level Annotations

Branches:
Dungeon (4/15)
 Temple: D:4-7

Altars:
Elyvilon
Xom

Annotations:
D:3 Dowan


Innate Abilities, Weirdness & Mutations

Shadows flee at your approach. (+LOS)
You can swim through water.
You cover ground slowly.
You can hop short distances.


Message History

Dowan is lightly wounded.
Duvessa closely misses you.
Casting: Shock (safe; 3% risk of failure)
Confirm with . or Enter, or press ? or * to list all spells.
Aiming: Airstrike (safe; 10% risk of failure)
Press: ? - help, Dir - move target cursor, f/p - Duvessa
Aim: Duvessa, wielding a short sword of venom and wearing a ring mail (lightly wounded)
The air twists around and strikes Duvessa!
Duvessa is moderately wounded.
Duvessa hits you but does no damage.
You are poisoned.
You feel sick. Dowan casts a spell at you. The puff of frost misses you.
Duvessa misses you.
You climb upwards.
You feel sick.
There is a stone staircase leading down here.
You hit Duvessa but do no damage.
Duvessa is moderately wounded.
Duvessa blinks!
You feel sick.
Dowan gestures at Duvessa while chanting.
Duvessa seems to speed up.
You barely miss Dowan.
Dowan is lightly wounded.
Dowan barely misses you.
You hit Dowan.
Space bends around Dowan.
Dowan is heavily wounded.
You feel sick.
Dowan points at you and mumbles some strange words.
The puff of flame misses you.
Duvessa gestures with her weapon.
You barely miss Dowan.
Dowan is heavily wounded.
You hit Duvessa.
Space warps horribly around Duvessa!
Duvessa is severely wounded.
You feel sick.
Duvessa hits you with a short sword of venom.
You are more poisoned.
Dowan says, "My weaknesses are her strengths!"
Duvessa hits you with a short sword of venom!
You are lethally poisoned!
You hit Duvessa.
Duvessa is almost dead.
Duvessa blinks!
You feel very sick.
Duvessa hits you with a short sword of venom.
* * * LOW HITPOINT WARNING * * *
Dowan closely misses you.
You hit Duvessa.
Space bends around Duvessa.
You kill Duvessa!
Dowan seems overcome with grief, but rights himself reflexively soon after.
Dowan seems to find hidden reserves of power!
Your Air Magic skill increases to level 7!
* * * LOW HITPOINT WARNING * * *
You feel very sick. Dowan gestures at you while chanting.
The stone arrow hits you!
* * * LOW HITPOINT WARNING * * *
You barely miss Dowan.
Dowan is heavily wounded.
* * * LOW HITPOINT WARNING * * *
You feel very sick.
Dowan points at you and mumbles some strange words.
The stone arrow hits you!
You die...

######...#######.#.###
#######....!...........#...#
.....##................###.#
.....##..................#.#
.....##...............##.#.#
.....##...............##.#.#
.....##..................#.#
.....##........ยง......####.#
.....##........e@)....# #.#
......................# #.#
###.##.....###############.#
#.#........<# #.....#
#.#..######## #.#####
#.#..######### #...#
#.#..#.......# ###.#
#.##.#.#####.# #.#
###.##.....###.#########.#


You could see Dowan.

Vanquished Creatures
  Duvessa (D:3)
  A sky beast (D:2)
  Terence (D:3)
  6 gnolls (D:2)
  3 adders
  2 worms
  4 dart slugs
  3 leopard geckos (D:2)
  2 goblins (D:2)
  5 hobgoblins
  6 jackals
  7 kobolds
  3 bats (D:2)
  2 frilled lizards (D:2)
  4 rats
50 creatures vanquished.

Vanquished Creatures (others)
  A worm (D:3)
1 creature vanquished.

Grand Total: 51 creatures vanquished

Notes
Turn   | Place    | Note
-------+----------+-------------------------------------------
     0 | D:1      | Amnesiac the Barachi Air Elementalist began the quest for the Orb.
     0 | D:1      | Reached XP level 1. HP: 13/13 MP: 3/3
   210 | D:1      | Reached XP level 2. HP: 16/19 MP: 0/5
   253 | D:1      | Learned a level 2 spell: Swiftness
   848 | D:2      | Reached skill level 4 in Air Magic
   882 | D:2      | Reached XP level 3. HP: 19/24 MP: 3/6
  1548 | D:2      | Noticed a sky beast
  2020 | D:2      | Reached skill level 5 in Air Magic
  2020 | D:2      | Reached XP level 4. HP: 28/30 MP: 3/7
  2026 | D:2      | Learned a level 4 spell: Airstrike
  2185 | D:2      | Found a shimmering altar of Xom.
  2740 | D:2      | Found a white marble altar of Elyvilon.
  2760 | D:2      | Killed a sky beast
  2760 | D:2      | Reached skill level 6 in Air Magic
  2760 | D:2      | Reached XP level 5. HP: 35/35 MP: 0/9
  3077 | D:3      | Learned a level 2 spell: Blink
  3350 | D:3      | Noticed Terence
  3367 | D:3      | Killed Terence
  3367 | D:3      | Reached XP level 6. HP: 8/41 MP: 1/10
  3966 | D:4      | Noticed Duvessa
  3966 | D:4      | Noticed Dowan
  3979 | D:3      | Killed Duvessa
  3979 | D:3      | Reached skill level 7 in Air Magic
  3980 | D:3      | Killed from afar by Dowan

Vault maps used:
D:1:      lightli_arrival_lavapool
D:2:      nicolae_overflow_hidden_temple, supply_closet_lemuel, tgw_xom
D:3:      first_ration, serial_park_tiny_pond, uniq_terence
D:4:      uniq_duvessa, uniq_blork_the_orc

Skill      XL: |  1  2  3  4  5  6 |
---------------+-------------------+-----
Air Magic      | 4 5 6 7 |  7.4
Spellcasting   | 3 |  3.1
Dodging        | |  2.1
Stealth        | |  1.7
Conjurations   | |  1.1

Action                   |  1- 3 |  4- 6 || total
-------------------------+-------+-------++-------
Melee: Whip              |     3 |       ||     3
       Unarmed           |     1 |       ||     1
       Hand axe          |     2 |     1 ||     3
       Rapier            |       |    10 ||    10
 Cast: Shock             |    71 |    29 ||   100
       Swiftness         |     1 |       ||     1
       Airstrike         |       |    15 ||    15
 Abil: Hop               |     1 |     1 ||     2
  Use: Scroll            |     3 |     4 ||     7
  Eat: Chunk             |     5 |     5 ||    10
       Ration            |       |     1 ||     1
Armor: Robe              |     6 |     2 ||     8
Dodge: Dodged            |     9 |    22 ||    31

Table legend:
 A = Spawn XP
 B = Non-spawn XP
 C = Spawn XP percentage of total XP
 D = Spawn monster count
 E = Non-spawn monster count
 F = Spawn count percentage of total count
 G = Total turns spent on level
                    A         B        C        D         E        F      G
               +---------+---------+-------+---------+---------+-------+---------
         Total |       0 |     490 |   0.0 |       0 |      51 |   0.0 |  3980
               +---------+---------+-------+---------+---------+-------+---------
           D:1 |       0 |      20 |   0.0 |       0 |      13 |   0.0 |  1335
           D:2 |       0 |     245 |   0.0 |       0 |      26 |   0.0 |  1711
           D:3 |       0 |     225 |   0.0 |       0 |      12 |   0.0 |   928
               +---------+---------+-------+---------+---------+-------+---------
